 Dungeon Crawl Stone Soup version 0.29-a0-214-g17f627cfee (webtiles) character file.

Game seed: 9205578423693396813

2491 freelancePsychic the Archer (level 9, -4/56 HPs)
             Began as a Tengu Hunter on Feb 24, 2022.
             Was a Priest of Okawaru.
             Shot with a sling bullet by Joseph (11 damage)
             ... on level 7 of the Dungeon.
             The game lasted 00:11:51 (7656 turns).

freelancePsychic the Archer (Tengu Hunter)          Turns: 7656, Time: 00:11:52

Health: -4/56      AC:  9    Str: 13    XL:     9   Next: 52%
Magic:  9/10       EV: 18    Int: 12    God:    Okawaru [***...]
Gold:   259        SH:  0    Dex: 26    Spells: 8/8 levels left

rFire   + . .      SeeInvis .   a - +1 shortbow
rCold   . . .      Faith    .   (shield currently unavailable)
rNeg    . . .      Spirit   .   x - +0 ring mail
rPois   .          Reflect  .   (helmet restricted)
rElec   .          Harm     .   (no cloak)
rCorr   .          Rampage  .   (no gloves)
Will    .....                   (boots unavailable)
Stlth   ++........              (no amulet)
HPRegen 0.18/turn               I - +4 ring of protection
MPRegen 0.12/turn               c - +6 ring of dexterity

@: flying quickly and evasively, quick
A: beak, talons 3, nimble flight, agile 1, fire resistance 1, low MP 1, wild
magic 1
a: Renounce Religion, Heroism


You were on level 7 of the Dungeon.
You worshipped Okawaru.
Okawaru was most pleased with you.
You visited 1 branch of the dungeon, and saw 7 of its levels.
You also visited: Ossuary.

You collected 259 gold pieces.

Inventory:

Hand Weapons
 a - a +1 shortbow (weapon)
Missiles
 D - 3 curare-tipped darts
 E - 12 poisoned darts
Armour
 b - a +0 leather armour
 x - a +0 ring mail (worn)
Jewellery
 c - a +6 ring of dexterity (right hand)
 g - a ring of poison resistance
 v - a ring of protection from fire
 F - a ring of protection from cold
 G - a ring of magical power
 I - a +4 ring of protection (left hand)
Wands
 f - a wand of flame (26)
 j - a wand of polymorph (10)
 z - a wand of iceblast (12)
Scrolls
 d - a scroll of fog
 i - 2 scrolls of vulnerability
 m - a scroll of immolation {unknown}
 p - a scroll of holy word
 q - a scroll of magic mapping
 s - a scroll of fear
 u - 3 scrolls of teleportation {@r4}
 w - a scroll of blinking {unknown}
 y - a scroll of acquirement {unknown}
 C - a scroll of identify {@r1}
Potions
 e - 4 potions of mutation
 h - a potion of haste {@q3}
 k - a potion of ambrosia {unknown}
 l - 2 potions of flight
 n - 6 potions of curing {@q1}
 o - 2 potions of brilliance {unknown}
 r - 2 potions of invisibility {unknown}
 t - a potion of heal wounds {@q2}
 A - 3 potions of resistance {unknown}
 B - a potion of might {unknown}
 H - 2 potions of attraction {unknown}


   Skills:
 + Level 6.5 Fighting
 * Level 10.7 Bows
 + Level 6.2 Dodging
 - Level 1.0 Stealth
 - Level 2.7 Invocations


You had 8 spell levels left.
You didn't know any spells.
Your spell library contained the following spells:

 Spells                   Type           Power      Damage    Failure   Level
 Magic Dart               Conj           0%         1d3       67%         1
 Searing Ray              Conj           0%         2d4       80%         2
 Fulminant Prism          Conj/Hex       0%         3d6       100%        4
 Iskenderun's Mystic Bla  Conj/Tloc      0%         2d3       100%        4
 Lee's Rapid Deconstruct  Erth           0%         3d5*      100%        5


Dungeon Overview and Level Annotations

Branches:
Dungeon (7/15)             Temple (0/1) D:6         Ossuary (visited)

Altars:
Cheibriados
Okawaru
Qazlal
Yredelemnul

Annotations:
D:7 Joseph


Innate Abilities, Weirdness & Mutations

You have a beak for a mouth.
You have claws for feet.
Your magical nature lets you fly swiftly and evasively.
You are agile. (Dex +2)
Your flesh is heat resistant. (rF+)
Your magical capacity is low. (-10% MP)
Your spells are a little harder to cast, but a little more powerful.


Message History

Aim: Joseph, wielding a +5 quarterstaff of speed, wearing a +2 leather armour of fire resistance and carrying a wand of flame (26) (75% to hit)
You shoot an arrow. The arrow hits Joseph.
Joseph is lightly wounded.
Joseph hits you with a +5 quarterstaff of speed!
Shoot: a) +1 shortbow
Press: ? - help, Shift-Dir - straight line, f/p - Joseph
Aim: Joseph, wielding a +5 quarterstaff of speed, wearing a +2 leather armour of fire resistance and carrying a wand of flame (26) (lightly wounded, 75% to hit)
You shoot an arrow. The arrow hits Joseph!
Joseph is lightly wounded.
Joseph hits you with a +5 quarterstaff of speed!
Shoot: a) +1 shortbow
Press: ? - help, Shift-Dir - straight line, f/p - Joseph
Aim: Joseph, wielding a +5 quarterstaff of speed, wearing a +2 leather armour of fire resistance and carrying a wand of flame (26) (lightly wounded, 75% to hit)
You shoot an arrow. The arrow hits Joseph.
Joseph is moderately wounded.
Joseph drinks a potion.
Joseph seems to speed up.
Shoot: a) +1 shortbow
Press: ? - help, Shift-Dir - straight line, f/p - Joseph
Aim: Joseph, wielding a +5 quarterstaff of speed, wearing a +2 leather armour of fire resistance and carrying a wand of flame (26) (moderately wounded, fast, 75% to hit)
You shoot an arrow. The arrow hits Joseph.
Joseph is moderately wounded.
Joseph completely misses you.
Joseph hits you with a +5 quarterstaff of speed.
Joseph unwields a +5 quarterstaff of speed.
Joseph wields a +0 hunting sling.
Joseph shoots a sling bullet.
The sling bullet closely misses you.
Joseph shoots a sling bullet.
The sling bullet misses you.
Joseph shoots a sling bullet.
The sling bullet closely misses you.
Joseph shoots a sling bullet.
The sling bullet hits you.
Joseph shoots a sling bullet.
The sling bullet misses you.
Joseph shoots a sling bullet.
The sling bullet barely misses you.
Joseph zaps a wand.
The puff of flame hits you. You resist.
* * * LOW HITPOINT WARNING * * *
You feel like a meek peon again.
Joseph shoots a sling bullet.
The sling bullet misses you.
Joseph shoots a sling bullet.
The sling bullet hits you!
* * * LOW HITPOINT WARNING * * *
Joseph shoots a sling bullet.
The sling bullet hits you!
You die...

#...........#####.....###### ###
###########......#####.....#
#....#.....#.....# #....#.....#
....# ###########....##..###
...#+##.
#...............#..######.......
#...........<...#.......#@......
#...............#.......#.......
#..............@#########.......
#..........####.......@...####..
#..........# #...........#
#..........# #...........#
#..........# #...........#
#..........# #.........).#
############ #############


You could see Joseph (fast).

Vanquished Creatures
  A water moccasin (D:6)
  A sky beast (D:5)
  An ice beast (D:7)
  3 ogres
  2 black bears
  3 phantoms
  2 kobold brigands
  2 bullfrogs (D:7)
  2 scorpions
  2 water moccasin skeletons
  2 howler monkeys (D:7)
  2 centaur zombies (D:6)
  3 human zombies (Ossuary)
  2 hounds (D:5)
  3 bullfrog skeletons
  2 gnoll shamans (D:5)
  2 orc priests
  A centaur skeleton (D:6)
  Ijyb (D:3)
  3 iguanas
  4 orc wizards
  A hound zombie (D:5)
  A hound skeleton (D:4)
  6 mummies
  Robin (D:2)
  8 gnolls
  6 adders
  2 white imps (D:6)
  3 worms
  2 dart slugs
  10 orcs
  7 ball pythons
  7 bats
  5 endoplasms
  3 giant cockroaches
  A gnoll zombie (Ossuary)
  9 hobgoblins
  4 quokkas
  3 frilled lizards
  13 goblins
  2 goblin zombies (Ossuary)
  A hobgoblin zombie (Ossuary)
  18 kobolds
  An orc zombie (Ossuary)
  4 rats
162 creatures vanquished.

Vanquished Creatures (others)
  12 plants
12 creatures vanquished.

Grand Total: 174 creatures vanquished

Notes
Turn   | Place    | Note
-------+----------+-------------------------------------------
     0 | D:1      | freelancePsychic the Tengu Hunter began the quest for the
                  | Orb.
     0 | D:1      | Reached XP level 1. HP: 12/12 MP: 2/2
    48 | D:1      | Found a faded altar of an unknown god.
    65 | D:1      | Prayed at the altar of an unknown god.
    65 | D:1      | Became a worshipper of Warmaster Okawaru
    65 | D:1      | Reached * piety under Okawaru
   195 | D:1      | Reached XP level 2. HP: 17/17 MP: 3/3
   489 | D:1      | Reached XP level 3. HP: 22/22 MP: 4/4
   758 | D:1      | Reached skill level 5 in Bows
   877 | D:2      | Gained mutation: Your flesh is heat resistant. (rF+)
                  | [potion of mutation]
   877 | D:2      | Gained mutation: Your magical capacity is low. (-10% MP)
                  | [potion of mutation]
   877 | D:2      | Gained mutation: Your spells are a little harder to cast,
                  | but a little more powerful. [potion of mutation]
   877 | D:2      | Gained mutation: You are agile. (Dex +2) [potion of
                  | mutation]
  1093 | D:2      | Noticed Robin
  1140 | D:2      | Killed Robin
  1141 | D:2      | Reached skill level 1 in Invocations
  1165 | D:2      | Reached XP level 4. HP: 27/27 MP: 5/5
  1719 | D:3      | Gained mutation: Your magical nature lets you fly swiftly
                  | and evasively. [Tengu growth]
  1719 | D:3      | Reached XP level 5. HP: 32/32 MP: 6/6
  1804 | D:3      | Reached skill level 6 in Bows
  1977 | D:3      | Noticed a black bear
  1985 | D:3      | Killed a black bear
  1986 | D:3      | Reached XP level 6. HP: 16/37 MP: 4/7
  2220 | D:3      | Noticed Ijyb
  2241 | D:3      | Killed Ijyb
  2716 | D:4      | Found a sand-covered staircase.
  2725 | Ossuary  | Entered an ossuary
  2759 | Ossuary  | Reached ** piety under Okawaru
  2983 | Ossuary  | Reached skill level 7 in Bows
  3125 | Ossuary  | Reached XP level 7. HP: 24/42 MP: 9/9
  4624 | D:5      | Entered Level 5 of the Dungeon
  4963 | D:5      | Found a stormy altar of Qazlal.
  5028 | D:5      | Reached skill level 8 in Bows
  5134 | D:5      | Reached XP level 8. HP: 48/48 MP: 10/10
  5308 | D:5      | Reached skill level 5 in Fighting
  5524 | D:5      | Reached skill level 9 in Bows
  6111 | D:6      | Found a snail-covered altar of Cheibriados.
  6158 | D:6      | Reached *** piety under Okawaru
  6217 | D:6      | Reached skill level 5 in Dodging
  6320 | D:6      | Identified the +1 scale mail of Exetsou {+Blink rN++}
  6357 | D:6      | Found a staircase to the Ecumenical Temple.
  6370 | D:6      | Reached XP level 9. HP: 41/55 MP: 10/10
  6479 | D:6      | Reached skill level 10 in Bows
  6869 | D:6      | Found a basalt altar of Yredelemnul.
  6967 | D:7      | Received a gift from Okawaru
  7637 | D:7      | Noticed Joseph
  7656 | D:7      | Shot with a sling bullet by Joseph

Illustrated notes

Levels and vault maps discovered:
D:1:      saegor_arrival_under_anarchy, layout_loops_ring,
          basic_ecumenical_altar, serial_forest, infiniplex_forest_straight_2,
          infiniplex_forest_lined_3, infiniplex_forest_pool,
          infiniplex_forest_clump_double, infiniplex_forest_straight_2,
          infiniplex_forest_clump_small, infiniplex_forest_corner_1,
          infiniplex_forest_end_2, glass_columns_c,
          nicolae_concentric_dashed_squares_mild, minmay_tetromino_l2
D:2:      layout_loops_ring, minmay_misc_feat_columns, uniq_robin
D:3:      layout_loops_ring, nicolae_wormholes, uniq_ijyb
D:4:      nicolae_cairo_tiling_very_big, layout_layer_cave,
          chequers_ossuary_entry_cave
D:5:      layout_cave_pods, mainiacjoe_overflow_tiny_flanked,
          nicolae_grassy_gnolls
D:6:      layout_cave_pods, slow_altar_2, marbit_many_paths,
          minmay_temple_entry_butterflies, chequers_arboretum
D:7:      layout_gridville, minmay_misc_feat_hallway, minmay_misc_feat_roman,
          uniq_joseph

Skill      XL: |  1  2  3  4  5  6  7  8  9 |
---------------+----------------------------+-----
Bows           | 5 6 7 8 9 10 | 10.7
Invocations    | 1 2 |  2.7
Fighting       | 3 4 5 6 |  6.5
Dodging        | 3 5 6 |  6.2
Stealth        | |  1.0

Action                   |  1- 3 |  4- 6 |  7- 9 || total
-------------------------+-------+-------+-------++-------
Melee: Shortbow          |     5 |       |       ||     5
       Kick              |     3 |       |       ||     3
       Peck              |     3 |       |       ||     3
 Fire: Shortbow          |    71 |   187 |   309 ||   567
Invok: Heroism           |       |     2 |     3 ||     5
  Use: Potion            |     3 |       |       ||     3
       Scroll            |       |     4 |     3 ||     7
Armor: Leather armour    |     3 |     9 |     5 ||    17
       Ring mail         |       |       |    25 ||    25
Dodge: Dodged            |    20 |    39 |   100 ||   159

Table legend: (Time is in decaauts)
 A = Elapsed time spent in this place.
 B = Non-inter-level travel time spent in this place.
 C = Inter-level travel time spent in this place.
 D = Time resting spent in this place.
 E = Time spent auto-exploring this place.
 F = Levels seen in this place.
 G = Mean time per level.
                   A        B        C        D        E       F      G
               +--------+--------+--------+--------+--------+-----+--------+
         Total |   7376 |   7107 |    269 |     80 |   5873 |   8 |  922.0 |
       Dungeon |   6659 |   6390 |    269 |     80 |   5276 |   7 |  951.3 |
       Ossuary |    717 |    717 |      0 |      0 |    596 |   1 |  717.0 |
               +--------+--------+--------+--------+--------+-----+--------+

Top non-repeatable levels by time:
     D:4: 1268 daAuts
     D:5: 1177 daAuts
     D:6: 928 daAuts
     D:3: 888 daAuts
     D:2: 865 daAuts
     D:1: 860 daAuts
 Ossuary: 717 daAuts
     D:7: 670 daAuts
